 Dungeon Crawl Stone Soup version 0.22-a0-322-g60b3cfd (webtiles) character file.

46124 4thArraOfDagon the Fighter (level 14, 0/118 HPs)
             Began as a Mummy Enchanter on Apr 5, 2018.
             Was the Champion of Cheibriados.
             Slain by a dire flail of holy wrath (5 damage)
             ... on level 3 of the Elven Halls.
             The game lasted 00:55:52 (14193 turns).

4thArraOfDagon the Fighter (Mummy Enchanter)       Turns: 14193, Time: 00:55:53

Health: 0/118      AC:  8    Str: 30    XL:     14   Next: 3%
Magic:  0/26       EV: 18    Int: 34    God:    Cheibriados [******]
Gold:   1187       SH:  0    Dex: 28    Spells: 8/29 levels left

rFire    + . .     SeeInvis .   e - +2 dagger (venom)
rCold    + + .     Gourm    .   (no shield)
rNeg     + + +     Faith    .   d - +0 troll leather armour
rPois    ∞         Spirit   .   s - +0 helmet
rElec    .         Reflect  .   l - scarf {rC+ rF+}
rCorr    .         Harm     .   m - +0 pair of gloves (curse)
MR       +....                  p - +0 pair of boots
Stlth    +++.......             (no amulet)
HPRegen  0.69/turn              f - ring of protection from fire
MPRegen  0.20/turn              v - +4 ring of strength

@: about to teleport, very slow
A: no food or potions, fire vulnerability, cold resistance 1, negative energy
resistance 3, torment resistance, unbreathing, in touch with death 1
a: Bend Time, Temporal Distortion, Slouch, Step From Time, Renounce Religion


You were on level 3 of the Elven Halls.
You worshipped Cheibriados.
Cheibriados was exalted by your worship.
You were not hungry.

You visited 4 branches of the dungeon, and saw 21 of its levels.

You collected 1705 gold pieces.
You spent 518 gold pieces at shops.

Inventory:

Hand Weapons
 a - a +1 dagger
 e - a +2 dagger of venom (weapon)
 w - a +0 morningstar of flaming
Missiles
 L - 6 curare-tipped needles
Armour
 b - a +0 robe
 d - a +0 troll leather armour (worn)
 h - a +0 ring mail
 l - a scarf of resistance (worn)
 m - a cursed +0 pair of gloves (worn)
 p - a +0 pair of boots (worn)
 s - a +0 helmet (worn)
 C - the +4 robe "Hothreec" {Str+4 Int-4 Dex+5}
   (You found it on level 9 of the Dungeon)

   It affects your strength (+4).
   It affects your intelligence (-4).
   It affects your dexterity (+5).
 E - a +3 plate armour
 G - a scarf of cloud immunity
Magical Staves
 g - an uncursed staff of death
 x - an uncursed staff of power {!a}
 K - an uncursed staff of summoning {!a}
Jewellery
 f - a ring of protection from fire (left hand)
 v - a +4 ring of strength (right hand)
Wands
 j - a wand of random effects (54)
 y - a wand of flame (53)
 z - a wand of polymorph (10)
 J - a wand of digging (8)
Scrolls
 c - 4 scrolls of remove curse
 i - a scroll of teleportation
 k - 4 scrolls of enchant weapon
 n - 2 scrolls of blinking
 o - 4 scrolls of enchant armour
 q - 5 scrolls of amnesia
 r - 2 scrolls of random uselessness
 u - a scroll of immolation
 A - a scroll of vulnerability
 B - 4 scrolls of fog
 D - a scroll of noise
 H - a scroll of brand weapon {unknown}
 M - a scroll of silence {unknown}
 N - a scroll of fear {unknown}
 O - a scroll of identify
Miscellaneous
 I - a phial of floods


   Skills:
 - Level 13.0 Fighting
 - Level 3.0 Short Blades
 - Level 6.0 Armour
 - Level 6.1 Dodging
 - Level 2.4 Stealth
 - Level 8.1 Spellcasting
 - Level 3.0 Conjurations
 - Level 2.6 Hexes
 - Level 3.0 Fire Magic
 * Level 11.2 Earth Magic
 - Level 8.0 Invocations


You had 8 spell levels left.
You knew the following spells:

 Your Spells              Type           Power        Failure   Level  Hunger
a - Corona                Hex            ####...      1%          1    N/A
b - Ensorcelled Hibernat  Hex/Ice        ###...       3%          2    N/A
c - Confuse               Hex            ####....     3%          3    N/A
d - Conjure Flame         Conj/Fire      ####....     3%          3    N/A
e - Mephitic Cloud        Conj/Pois/Air  ###.....     7%          3    N/A
f - Passwall              Tmut/Erth      ######....   1%          2    N/A
g - Blink                 Tloc           N/A          5%          2    N/A
h - Lee's Rapid Deconstr  Erth           ######....   1%          5    N/A

Dungeon Overview and Level Annotations

Branches:
Dungeon (15/15)            Temple (1/1) D:7            Lair (0/6) D:8
    Orc (2/2) D:12            Elf (3/3) Orc:2        Vaults (0/5) D:13
 Depths: D:15

Altars:
Ashenzari
Cheibriados
Dithmenos
Fedhas
Gozag
Hepliaklqana
Kikubaaqudgha
Makhleb
Nemelex Xobeh
Okawaru
Qazlal
Ru
Sif Muna
Trog
Uskayaw
Vehumet
Wu Jian
Xom
Yredelemnul
Zin
The Shining One
Beogh

Shops:
D:9 *   Orc:1 [   Orc:2 (:[

Annotations:
D:3 xccam's ghost, amateur GnWn
D:4 Natasha
D:8 1 runed door
D:12 Frances
D:13 exclusion: orange crystal statue
D:14 Rupert
Elf:1 Asterion


Innate Abilities, Weirdness & Mutations

You do not eat or drink.
Your flesh is vulnerable to fire.
You are immune to poison.
Your flesh is cold resistant. (rC+)
You are immune to negative energy. (rN+++)
You are immune to unholy pain and torment.
You can survive without breathing.
You are in touch with the powers of death.


Message History

Confirm with . or Enter, or press ? or * to list all spells.
Okay, then.
Casting: Mephitic Cloud (safe; 7% risk of failure)
Confirm with . or Enter, or press ? or * to list all spells.
Aiming: Lee's Rapid Deconstruction (safe; 1% risk of failure)
Press: ? - help, Dir - move target cursor The wall shatters!
The blast of rock fragments hits the water elemental.
You destroy the water elemental!
Cheibriados thoroughly appreciates the change of pace.
The blast of rock fragments hits the dire flail of holy wrath.
The dire flail of holy wrath is lightly damaged.
The water engulfing you falls away.
Unknown command.
You miss the dire flail of holy wrath.
The dire flail of holy wrath is lightly damaged.
The dire flail of holy wrath hits you!
* * * LOW HITPOINT WARNING * * *
You convulse.
You die...

##... #.#.#
#.... ) ###
.#.#####.. #@##
#........#
##(###....e....
##e##.........
##e..<.......
##.).......#
##..###.#.# .##
.# ##


You could see a deep elf archer, a deep elf mage and a dire flail of holy wrath.

Vanquished Creatures
  Donald (Elf:1)
  Kirke (Orc:2)
  A deep elf sorcerer (Elf:1)
  An orc warlord (Orc:2)
  A deep elf annihilator (Elf:3)
  2 hydras
  5 two-headed ogres
  2 centaur warriors (D:13)
  A dancing weapon (Elf:1)
  An orc high priest (Orc:2)
  3 deep elf knights
  An unseen horror (D:12)
  4 orc knights
  5 deep elf archers
  Pikel (Temple)
  An ugly thing (D:11)
  14 deep elf magi
  4 orc sorcerers
  A manticore (D:12)
  3 cyclopes
  A centaur skeleton (D:14)
  10 trolls
  A hornet (D:10)
  A slime creature (D:14)
  6 hippogriffs
  8 redbacks (D:13)
  A shadow (D:11)
  A yak (shapeshifter) (D:13)
  2 humans (Elf:1)
  A water elemental (Elf:3)
  6 yaks (D:8)
  2 hogs (Elf:1)
  A hungry ghost (D:8)
  4 vampire mosquitoes (D:12)
  2 wargs
  An acid dragon (D:11)
  Duvessa (D:7)
  A water moccasin (D:12)
  3 porcupines
  3 ice beasts
  28 orc warriors
  A sky beast (D:11)
  2 black bears (D:6)
  2 necrophages
  2 phantoms (D:6)
  3 centaurs
  6 ogres
  2 crocodiles (D:8)
  A big kobold (D:10)
  Blork the orc (D:6)
  10 bullfrogs
  2 wyvern zombies
  A wyvern skeleton (D:13)
  Dowan (D:7)
  3 earth elementals (Elf:1)
  4 scorpions
  7 killer bees
  11 wights
  8 crimson imps
  3 centaur zombies
  3 bullfrog zombies
  3 quasits
  4 hounds
  29 orc wizards
  20 orc priests
  5 jellies
  Natasha (D:4)
  4 iguanas
  7 worker ants
  2 hound zombies
  2 worker ant zombies
  16 adders
  3 shadow imps
  An ooze (D:1)
  An adder skeleton (D:4)
  4 worms
  A dart slug (D:2)
  5 leopard geckos
  85 orcs
  10 bats
  5 giant cockroaches
  7 goblins
  5 hobgoblins
  11 jackals
  10 quokkas
  3 ball pythons (D:3)
  4 frilled lizards
  A goblin skeleton (D:8)
  A jackal zombie (D:8)
  8 kobolds
  A leopard gecko zombie (D:5)
  A quokka skeleton (D:4)
  A quokka zombie (D:6)
  12 rats
483 creatures vanquished.

Vanquished Creatures (others)
  A necromancer (D:13)
  2 humans (Elf:1)
  2 slaves (D:7)
  A killer bee (D:7)
  An orc wizard (D:11)
  5 fungi (D:8)
  12 plants (D:8)
24 creatures vanquished.

Grand Total: 507 creatures vanquished

Notes
Turn   | Place    | Note
-------+----------+-------------------------------------------
     0 | D:1      | 4thArraOfDagon the Mummy Enchanter began the quest for the Orb.
     0 | D:1      | Reached XP level 1. HP: 13/13 MP: 4/4
    29 | D:1      | Reached skill level 1 in Short Blades
   167 | D:1      | Reached XP level 2. HP: 19/19 MP: 5/5
   174 | D:1      | Learned a level 2 spell: Ensorcelled Hibernation
   219 | D:2      | Noticed a fire elemental
   220 | D:2      | Found a stormy altar of Qazlal.
   221 | D:2      | Noticed a water elemental
   221 | D:2      | Noticed an air elemental
   221 | D:2      | Noticed an earth elemental
   230 | D:2      | Found a radiant altar of Vehumet.
   333 | D:2      | Reached XP level 3. HP: 18/24 MP: 2/7
   760 | D:2      | Reached skill level 1 in Fighting
   760 | D:2      | Reached XP level 4. HP: 24/32 MP: 3/8
   924 | D:3      | Learned a level 3 spell: Confuse
   930 | D:3      | Noticed xccam's ghost (amateur GnWn)
  1222 | D:2      | Reached skill level 2 in Fighting
  1630 | D:3      | Reached skill level 3 in Fighting
  1630 | D:3      | Reached XP level 5. HP: 38/41 MP: 9/9
  1748 | D:5      | Entered Level 5 of the Dungeon
  1761 | D:4      | Found a shattered altar of Ashenzari.
  1844 | D:5      | Noticed a hand axe
  1844 | D:5      | Noticed a hand axe
  1845 | D:5      | Found a hide-covered altar of Uskayaw.
  1847 | D:5      | Noticed a centaur
  1864 | D:5      | Killed a centaur
  1864 | D:5      | Reached skill level 4 in Fighting
  1921 | D:5      | Reached XP level 6. HP: 47/49 MP: 10/10
  1940 | D:5      | Noticed an ice beast
  1989 | D:5      | Killed an ice beast
  1989 | D:5      | Reached skill level 5 in Fighting
  2357 | D:4      | Reached skill level 6 in Fighting
  2366 | D:4      | Noticed Natasha
  2385 | D:4      | Killed Natasha
  2402 | D:4      | Reached XP level 7. HP: 38/58 MP: 11/11
  2465 | D:4      | Noticed Natasha
  2550 | D:6      | Found a sparkling altar of Nemelex Xobeh.
  2611 | D:7      | Reached skill level 7 in Fighting
  2627 | D:7      | Found a staircase to the Ecumenical Temple.
  2637 | Temple   | Entered the Ecumenical Temple
  2737 | D:7      | Noticed Dowan
  2744 | D:7      | Found a shimmering altar of Xom.
  2745 | D:7      | Noticed Pikel
  2818 | Temple   | Killed Pikel
  2818 | Temple   | Reached skill level 9 in Fighting
  2818 | Temple   | Reached XP level 8. HP: 63/71 MP: 3/12
  2934 | D:7      | Noticed Duvessa
  2970 | D:7      | Killed Duvessa
  2970 | D:7      | Reached skill level 1 in Armour
  2981 | D:7      | Killed Dowan
  3013 | D:7      | Found an iron altar of Okawaru.
  3016 | D:7      | Found a stormy altar of Qazlal.
  3784 | D:5      | Found a snail-covered altar of Cheibriados.
  3787 | D:5      | Became a worshipper of Cheibriados the Contemplative
  4247 | D:3      | Found a glowing golden altar of the Shining One.
  5180 | D:4      | You fall through a shaft for 2 floors!
  5196 | D:6      | Reached skill level 1 in Invocations
  5327 | D:6      | Reached XP level 9. HP: 41/76 MP: 2/13
  5398 | D:6      | Noticed Blork the orc
  5412 | D:6      | Killed Blork the orc
  5532 | D:6      | Reached * piety under Cheibriados
  6254 | D:8      | Found a runed door.
  6440 | D:8      | Reached skill level 5 in Dodging
  6563 | D:8      | Reached ** piety under Cheibriados
  6778 | D:8      | Reached skill level 5 in Armour
  6786 | D:8      | Found a staircase to the Lair.
  7004 | D:8      | Reached XP level 10. HP: 66/83 MP: 2/14
  7176 | D:8      | Reached skill level 5 in Invocations
  7362 | D:9      | Found an opulent altar of Gozag.
  7420 | D:9      | Found Viuce's General Store.
  7423 | D:9      | Identified the +4 robe "Hothreec" {Str+4 Int-4 Dex+5} (You found it on level 9 of the Dungeon)
  7512 | D:9      | Bought a scroll of teleportation for 36 gold pieces
  7512 | D:9      | Bought a scroll of blinking for 90 gold pieces
  7512 | D:9      | Bought a scroll of teleportation for 36 gold pieces
  7565 | D:9      | Found a glowing silver altar of Zin.
  7596 | D:9      | Found a sacrificial altar of Ru.
  7629 | D:9      | Reached *** piety under Cheibriados
  7738 | D:9      | Noticed a two-headed ogre
  7808 | D:9      | Learned a level 3 spell: Conjure Flame
  7812 | D:9      | Learned a level 3 spell: Mephitic Cloud
  7886 | D:9      | Reached skill level 1 in Conjurations
  7886 | D:9      | Reached skill level 1 in Fire Magic
  7937 | D:9      | Killed a two-headed ogre
  8005 | D:10     | Entered Level 10 of the Dungeon
  8117 | D:10     | Reached **** piety under Cheibriados
  8175 | D:10     | Noticed a two-headed ogre
  8202 | D:10     | Killed a two-headed ogre
  8357 | D:10     | Reached XP level 11. HP: 89/89 MP: 14/18
  8483 | D:10     | Reached skill level 5 in Spellcasting
  8565 | D:11     | Noticed a four-headed hydra
  8579 | D:11     | Killed a four-headed hydra
  8667 | D:11     | Reached ***** piety under Cheibriados
  8789 | D:12     | Noticed a two-headed ogre
  8804 | D:12     | Killed a two-headed ogre
  9008 | D:13     | Noticed a necromancer
  9012 | D:13     | Noticed a centaur warrior
  9030 | D:13     | Killed a necromancer
  9041 | D:13     | Killed a centaur warrior
  9041 | D:13     | Reached skill level 10 in Fighting
  9097 | D:13     | Noticed a two-headed ogre
  9112 | D:13     | Killed a two-headed ogre
  9118 | D:13     | Found a gate to the Vaults.
  9206 | D:13     | Reached skill level 11 in Fighting
  9273 | D:13     | Noticed a centaur warrior
  9439 | D:13     | Noticed an orange crystal statue
  9441 | D:13     | Noticed a two-headed ogre
  9453 | D:13     | Killed a two-headed ogre
  9604 | D:13     | Killed a centaur warrior
  9687 | D:13     | Reached skill level 12 in Fighting
  9687 | D:13     | Reached XP level 12. HP: 102/102 MP: 19/19
  9711 | D:14     | Noticed a two-headed ogre
  9711 | D:14     | Noticed a centaur warrior
  9878 | D:12     | Noticed Frances
  9887 | D:12     | Found a staircase to the Orcish Mines.
  9935 | D:12     | Learned a level 2 spell: Passwall
  9938 | D:12     | Learned a level 2 spell: Blink
 10131 | D:11     | Reached skill level 1 in Earth Magic
 11518 | D:15     | Entered Level 15 of the Dungeon
 11545 | D:14     | Noticed a seven-headed hydra
 11570 | D:14     | Killed a seven-headed hydra
 11570 | D:14     | Reached skill level 13 in Fighting
 11589 | D:14     | Learned a level 5 spell: Lee's Rapid Deconstruction
 11597 | D:14     | Noticed Rupert
 11598 | D:14     | Paralysed by Rupert for 3 turns
 11819 | Orc:1    | Entered Level 1 of the Orcish Mines
 11899 | Orc:1    | Found a roughly hewn altar of Beogh.
 11912 | Orc:1    | Found Zorim's Antique Armour Shop.
 11982 | Orc:2    | Entered Level 2 of the Orcish Mines
 12098 | Orc:2    | Paralysed by an orc sorcerer for 4 turns
 12185 | Orc:2    | Found a staircase to the Elven Halls.
 12263 | Orc:1    | Reached skill level 5 in Earth Magic
 12369 | Orc:1    | Reached ****** piety under Cheibriados
 12400 | Orc:1    | Noticed an orc high priest
 12400 | Orc:1    | Noticed an orc warlord
 12885 | Orc:2    | Gained mutation: You are in touch with the powers of death. [Mummy growth]
 12885 | Orc:2    | Reached XP level 13. HP: 57/111 MP: 23/25
 13215 | Orc:2    | Noticed an orc warlord
 13234 | Orc:2    | Killed an orc warlord
 13327 | Orc:2    | Found a roughly hewn altar of Beogh.
 13430 | Orc:2    | Found Kaijoud's General Store.
 13446 | Orc:2    | Found Kuajiu's Antique Armour Shop.
 13460 | Orc:2    | Found Dif Bol's Antique Weapon Shop.
 13468 | Orc:2    | Bought a shimmering great sword for 356 gold pieces
 13477 | Orc:2    | Found Vuteomi's Book Shop.
 13529 | Orc:2    | :(
 13529 | Orc:2    | wasted
 13584 | Elf:1    | Entered Level 1 of the Elven Halls
 13597 | Elf:1    | Noticed Donald
 13624 | Elf:1    | Noticed Kirke
 13626 | Elf:1    | Killed Donald
 13639 | Orc:2    | Killed Kirke
 13881 | Elf:1    | Noticed Asterion
 13886 | Elf:1    | Noticed an Executioner
 14012 | Elf:1    | Reached skill level 10 in Earth Magic
 14013 | Elf:1    | Noticed a deep elf sorcerer
 14015 | Elf:1    | Killed a deep elf sorcerer
 14140 | Elf:3    | Entered Level 3 of the Elven Halls
 14172 | Elf:3    | Noticed a deep elf annihilator
 14183 | Elf:3    | Killed a deep elf annihilator
 14185 | Elf:3    | Reached XP level 14. HP: 76/118 MP: 3/26
 14193 | Elf:3    | HP: 5/118 [dire flail of holy wrath (11)]
 14193 | Elf:3    | Slain by a dire flail of holy wrath

Vault maps used:
D:1:      kennysheep_arrival_forest
D:2:      old_standard_altar, first_ration, nicolae_qazlal_style_of_elements
D:3:      tso_metal_star
D:4:      evilmike_ruin_ashenzari, hangedman_decor_diamond_cutter, uniq_natasha
D:5:      overflow_temple_1_default, dancing_weapons_uskayaw
D:6:      old_standard_altar, uniq_blork_the_orc
D:7:      xom_butterflies, minitemple, minmay_temple_entry_glass, uniq_duvessa,
          uniq_pikel, uniq_crazy_yiuf_cottage
D:8:      lemuel_round_altar, minmay_lair_entry_grove, grunt_livestock,
          dk_yredelemnul_ordeal
D:9:      nicolae_ru_the_path_less_chosen, nicolae_gozag_seed_capital,
          zin_academy, serial_shops, shop
D:10:     grunt_ministairs_1
D:12:     orc_0_dummy, uniq_frances
D:13:     david_vaults_1, spider_trap, minmay_statue_bubble
D:14:     serial_shops, kennysheep_little_box, kennysheep_nub, minivault_25,
          kennysheep_generic_room_8, uniq_rupert
D:15:     grunt_enter_depths_snipers, amethyst_killhole, uniq_agnes, uniq_nessos
Temple:   compressed_dpeg_triangle_lava_temple
Orc:1:    basic_altar, serial_shops, shop, elf_legates
Orc:2:    grunt_orc_cross
Elf:1:    minivault_28, uniq_louise, uniq_donald, uniq_asterion, uniq_kirke
Elf:2:    uniq_azrael
Elf:3:    nooodl_elf_gasket

Skill      XL: |  1  2  3  4  5  6  7  8  9 10 11 12 13 |
---------------+----------------------------------------+-----
Short Blades   | 1 2 3 |  3.0
Fighting       | 1 3 4 6 9 12 13 | 13.0
Armour         | 3 5 6 |  6.0
Dodging        | 3 5 6 |  6.1
Invocations    | 1 4 6 8 |  8.0
Spellcasting   | 4 5 8 |  8.1
Conjurations   | 3 |  3.0
Fire Magic     | 3 |  3.0
Earth Magic    | 6 11 | 11.2
Stealth        | |  2.4
Hexes          | |  2.6

Action                   |  1- 3 |  4- 6 |  7- 9 | 10-12 | 13-15 || total
-------------------------+-------+-------+-------+-------+-------++-------
Melee: Dagger            |    73 |   200 |   477 |  1117 |   102 ||  1969
       Morningstar       |       |       |    29 |    54 |       ||    83
Throw: Throwing net      |       |     1 |     1 |       |       ||     2
 Cast: Corona            |     9 |     2 |    21 |    24 |     3 ||    59
       Ensorcelled Hiber |     7 |     9 |    34 |    14 |       ||    64
       Confuse           |       |     3 |    11 |     2 |       ||    16
       Mephitic Cloud    |       |       |       |    46 |     7 ||    53
       Conjure Flame     |       |       |       |    19 |     4 ||    23
       Lee's Rapid Decon |       |       |       |       |    65 ||    65
Invok: Slouch            |       |       |       |     7 |     2 ||     9
       Temporal Distorti |       |       |       |     1 |       ||     1
Evoke: Wand              |       |       |     7 |     9 |    20 ||    36
  Use: Scroll            |       |     5 |     8 |     9 |     4 ||    26
 Stab: Sleeping          |     4 |     4 |    15 |    12 |       ||    35
       Confused          |       |     1 |     2 |    38 |     8 ||    49
Armor: Robe              |    24 |     8 |       |    16 |       ||    48
       Ring mail         |       |    61 |   195 |    16 |       ||   272
       Troll leather arm |       |       |       |   243 |    27 ||   270
Dodge: Dodged            |    50 |    88 |   330 |  1090 |    82 ||  1640

Table legend:
 A = Spawn XP
 B = Non-spawn XP
 C = Spawn XP percentage of total XP
 D = Spawn monster count
 E = Non-spawn monster count
 F = Spawn count percentage of total count
 G = Total turns spent on level
                    A         B        C        D         E        F      G
               +---------+---------+-------+---------+---------+-------+---------
         Total |       0 |   65892 |   0.0 |       0 |     482 |   0.0 | 14193
               +---------+---------+-------+---------+---------+-------+---------
           D:1 |       0 |      26 |   0.0 |       0 |      13 |   0.0 |   942
           D:2 |       0 |     124 |   0.0 |       0 |      34 |   0.0 |   814
           D:3 |       0 |     158 |   0.0 |       0 |      28 |   0.0 |   842
           D:4 |       0 |     174 |   0.0 |       0 |      16 |   0.0 |   569
           D:5 |       0 |     408 |   0.0 |       0 |      10 |   0.0 |  1039
           D:6 |       0 |    1341 |   0.0 |       0 |      26 |   0.0 |  1108
           D:7 |       0 |     882 |   0.0 |       0 |      15 |   0.0 |   787
           D:8 |       0 |    2596 |   0.0 |       0 |      32 |   0.0 |  1108
           D:9 |       0 |    2268 |   0.0 |       0 |      19 |   0.0 |   645
          D:10 |       0 |    3444 |   0.0 |       0 |      44 |   0.0 |   989
          D:11 |       0 |    3751 |   0.0 |       0 |      43 |   0.0 |   986
          D:12 |       0 |    4975 |   0.0 |       0 |      37 |   0.0 |   731
          D:13 |       0 |    8864 |   0.0 |       0 |      40 |   0.0 |   957
          D:14 |       0 |    1688 |   0.0 |       0 |       4 |   0.0 |   143
        Temple |       0 |     617 |   0.0 |       0 |       1 |   0.0 |   153
         Orc:1 |       0 |    5118 |   0.0 |       0 |      29 |   0.0 |   546
         Orc:2 |       0 |   10907 |   0.0 |       0 |      61 |   0.0 |  1382
         Elf:1 |       0 |   12667 |   0.0 |       0 |      21 |   0.0 |   384
         Elf:2 |       0 |     629 |   0.0 |       0 |       1 |   0.0 |     9
         Elf:3 |       0 |    5255 |   0.0 |       0 |       8 |   0.0 |    53
               +---------+---------+-------+---------+---------+-------+---------
